 Dungeon Crawl Stone Soup version 0.23.0-3-gf3c87f2 (webtiles) character file.

Game seed: 7460570672283753741

101 Flaz the Chucker (level 4, -6/37 HPs)
             Began as a Ghoul Hunter on Feb 20, 2019.
             Killed from afar by an orc wizard (7 damage)
             ... with a magic dart
             ... on level 3 of the Dungeon.
             The game lasted 00:12:41 (2196 turns).

Flaz the Chucker (Ghoul Hunter)                     Turns: 2196, Time: 00:12:42

Health: -6/37      AC:  3    Str: 12 (15) XL:     4   Next: 75%
Magic:  3/3        EV: 11    Int:  4 (6)  God:
Gold:   111        SH:  0    Dex:  9 (10) Spells: 3/3 levels left

rFire    . . .     SeeInvis .     - Unarmed
rCold    + . .     Gourm    .   (no shield)
rNeg     + + +     Faith    .   b - +0 leather armour
rPois    ∞         Spirit   .   (no helmet)
rElec    .         Reflect  .   (no cloak)
rCorr    .         Harm     .   (no gloves)
MR       .....                  (no boots)
Stlth    +.........             (no amulet)
HPRegen  0.00/turn              (no ring)
MPRegen  0.08/turn              (no ring)

@: rotting
A: rotting body, claws 1, carnivore, cold resistance 1, negative energy
resistance 3, inhibited regeneration, torment resistance, unbreathing
a: no special abilities


You were on level 3 of the Dungeon.
You were not hungry.

You visited 1 branch of the dungeon, and saw 3 of its levels.

You collected 111 gold pieces.

Inventory:

Hand Weapons
 a - a +0 short sword
 e - a +2 dagger of electrocution
 l - a cursed +0 dagger
 n - a +0 dagger of protection
Armour
 b - a +0 leather armour (worn)
 o - a +0 scale mail
 r - a +1 helmet
Scrolls
 d - a scroll of random uselessness {unknown}
 h - 2 scrolls of noise {unknown}
 i - a scroll of amnesia {unknown}
 m - 2 scrolls of identify {unknown}
Potions
 k - a potion of mutation {unknown}
 q - a potion of lignification {unknown}
Comestibles
 f - 6 rations


   Skills:
 * Level 2.7 Fighting
 - Level 4.0 Throwing
 - Level 2.0 Dodging
 * Level 1.9 Stealth
 * Level 3.2 Unarmed Combat


You had 3 spell levels left.
You didn't know any spells.
Your spell library was empty.

Dungeon Overview and Level Annotations

Branches:
Dungeon (3/15)

Altars:
Trog

Annotations:
D:2 Sigmund


Innate Abilities, Weirdness & Mutations

Your body is rotting away.
You thrive on raw meat.
You are immune to poison.
You have sharp fingernails.
You are carnivorous and can eat meat at any time.
Your flesh is cold resistant. (rC+)
You are immune to negative energy. (rN+++)
You do not regenerate when monsters are visible.
You are immune to unholy pain and torment.
You can survive without breathing.


Message History

The javelin completely misses the orc wizard.
The orc wizard points at you and mumbles some strange words.
The puff of flame hits you!
* * * LOW HITPOINT WARNING * * *
The orc wizard hits you with a +0 dagger.
* * * LOW HITPOINT WARNING * * *
Throwing (i - inventory)
c - 2 javelins (quivered)
Press: ? - help, Shift-Dir - straight line, f/p - orc wizard
Aim: an orc wizard, wielding a +0 dagger and wearing a +0 robe (almost dead)
You throw a javelin.
The javelin barely misses the orc wizard.
The orc wizard hits you but does no damage.
Throwing (i - inventory)
c - a javelin (quivered)
Press: ? - help, Shift-Dir - straight line, f/p - orc wizard
Aim: an orc wizard, wielding a +0 dagger and wearing a +0 robe (almost dead)
You throw a javelin.
The javelin closely misses the orc wizard.
The orc wizard casts a spell at you. The magic dart hits you!
You die...

......g..g...........
#############...>##########
#.##.o......... ###
#.##.##.#####. ..#
#....##.# ..# #..####.# ..#
###.......# ..# #.÷..#)####
..# ##.##.#@# ..# #.....#o#
..# #..#..).# ..# #..#.####
..# #..#.# ..# .....# ###
#.#.### #...# ####


You could see an orc wizard.

Vanquished Creatures
  A worker ant (D:2)
  Robin (D:3)
  A worm (D:2)
  A dart slug (D:1)
  A leopard gecko (D:2)
  An orc (D:3)
  3 giant cockroaches
  14 goblins
  8 hobgoblins
  2 jackals (D:2)
  6 kobolds
  A quokka (D:3)
  6 bats
  3 frilled lizards
  5 rats
54 creatures vanquished.

Notes
Turn   | Place    | Note
-------+----------+-------------------------------------------
     0 | D:1      | Flaz the Ghoul Hunter began the quest for the Orb.
     0 | D:1      | Reached XP level 1. HP: 17/17 MP: 0/0
   161 | D:1      | Reached XP level 2. HP: 13/24 MP: 1/1
   374 | D:1      | Reached skill level 1 in Unarmed Combat
   699 | D:1      | Reached XP level 3. HP: 27/30 MP: 2/2
   793 | D:1      | Reached skill level 4 in Throwing
  1252 | D:2      | HP: 1/30 [worker ant (5)]
  1253 | D:2      | Reached XP level 4. HP: 1/37 MP: 3/3
  1717 | D:2      | Found a bloodstained altar of Trog.
  1767 | D:2      | Noticed Sigmund
  2007 | D:3      | Noticed Robin
  2152 | D:3      | Killed Robin
  2194 | D:3      | HP: 1/37 [orc wizard/+0 dagger (1)]
  2196 | D:3      | Killed from afar by an orc wizard

Skill      XL: |  1  2  3  4 |
---------------+-------------+-----
Unarmed Combat | 1 2 3 |  3.2
Throwing       | 4 |  4.0
Dodging        | 2 |  2.0
Fighting       | |  2.7
Stealth        | |  1.9

Action                   |  1- 3 |  4- 6 || total
-------------------------+-------+-------++-------
Melee: Unarmed           |   129 |   106 ||   235
       Punch             |       |     2 ||     2
Throw: Javelin           |     5 |     8 ||    13
       Throwing net      |       |     2 ||     2
  Use: Potion            |       |     2 ||     2
 Stab: Sleeping          |       |     1 ||     1
  Eat: Chunk             |     8 |    19 ||    27
Armor: Leather armour    |    33 |    50 ||    83
Dodge: Dodged            |    67 |    87 ||   154
